Unix NetHack Version 5.0.0-0 post-release - last build May 10 2026 23:12:36 (d1fa5d53e341ca933230fdaa984d921c805b60aa,branch:main).

Game began 2026-05-12 03:12:59, ended 2026-05-13 03:26:29.

Eldrich, lawful male human Archeologist

                              ------------
                             #...:.......|
                             #|..........-###  -------------###`#############
                             #|..........|  ## |...........|####     -------.-
 ------------                #------------   # |...........|#  #     |......(|
 |..........|                ###             # |...........|#  ######|.......|
 |........<.|                  #             ##............|#       #........|
 |..........|                  #               |...........-@#       ---------
 |..........-#                 ##              ............|i##
 ------------#                  #              -------------# #
             #               #  #                           # #
             #    -----------|--#                         ### ###
             #    |............|#                               #
             #    |............|#                               ### ----.-
             #####|.............#                                 # |*...|
                 #.............|                                  ##...>.|
                  |............|                                    |....|
                  --------------                                    ------

Eldrich the Digger         St:13 Dx:12 Co:14 In:13 Wi:15 Ch:10  Lawful
Dlvl:4  $:850 HP:0(19) Pw:9(9) AC:9  Xp:2 T:1366 

Latest messages:
 You see here a violet gem.
 m - a violet gem.
 What do you want to use or apply? [aefgh or ?*] ?
 What do you want to rub on the stone? [$m or ?*] m
 m - a worthless piece of violet glass.
 What do you want to drop? [$a-o or ?*] m
 You drop a worthless piece of violet glass.
 You descend the stairs.
 The kitten picks up a gold piece.
 There is a fountain here.
 You see here 7 gold pieces.
 The kitten drops a gold piece.
 The kitten misses the iguana.
 $ - 7 gold pieces (849 in total).
 The kitten bites the iguana.
 The iguana misses the kitten.
 The kitten misses the iguana.
 You see here a gold piece.
 The kitten bites the iguana.
 The iguana is killed!
 $ - a gold piece (850 in total).
 You climb up the stairs.
 You swap places with your kitten.
 The hobgoblin throws a crude dagger!
 You are hit by a crude dagger.
 The hobgoblin hits!
 You kill the hobgoblin!
 You see here a crude dagger.
 You swap places with your kitten.
 The homunculus bites!
 You miss the homunculus.
 The homunculus bites!
 You miss the homunculus.
 The homunculus bites!
 You are put to sleep by the homunculus!
 The homunculus bites!
 You wake up.
 The homunculus bites!
 You see here a crude dagger.
 The homunculus bites!
 You are put to sleep by the homunculus!
 It misses the homunculus.
 It misses the homunculus.
 The homunculus bites!
 You die...
 Do you want your possessions identified? [ynq] (y) y
 Do you want to see your attributes? [ynq] (y) n
 Do you want an account of creatures vanquished? [ynaq] (y) n
 Do you want to see your conduct and achievements? [ynq] (y) n
 Do you want to see the dungeon overview? [ynq] (y) n

Inventory:
 Coins    ('$')
  $ - 850 gold pieces
 Weapons  (')')
  a - a +2 bullwhip (weapon in right hand)
 Armor    ('[')
  c - an uncursed +0 fedora (being worn)
  b - an uncursed +0 leather jacket (being worn)
 Comestibles  ('%')
  d - 3 uncursed food rations
  n - 2 uncursed lembas wafers
  l - an uncursed tripe ration
 Potions  ('!')
  i - a cursed potion of confusion
  o - an uncursed potion of object detection
 Rings    ('=')
  j - an uncursed ring of poison resistance (on left hand)
  k - an uncursed ring of stealth (on right hand)
 Tools    ('(')
  h - an empty uncursed sack
  e - a +0 pick-axe
  f - a tinning kit (0:38)
 Gems/Stones  ('*')
  g - an uncursed touchstone

Eldrich the Archeologist's attributes:

Background:
 You were a Digger, a level 2 male human Archeologist.
 You were lawful, nominally on a mission for Quetzalcoatl
 who was opposed by Camaxtli (neutral) and Huhetotl (chaotic).
 You were right-handed.
 You were in the Dungeons of Doom, on level 4.
 You entered the dungeon 1366 turns ago.
 It was nighttime.
 You had 37 experience points, 3 more were needed to attain level 3.

Basics:
 You had 0 out of 19 hit points.
 You had all 9 energy points (spell power).
 Your armor class was 9.
 Your wallet contained 850 zorkmids.
 Autopickup was off.

Final Characteristics:
 Your strength was 13 (limit:18/100).
 Your dexterity was 12 (limit:18).
 Your constitution was 14 (limit:18).
 Your intelligence was 13 (limit:18).
 Your wisdom was 15 (limit:18).
 Your charisma was 10 (limit:18).

Final Status:
 You weren't hungry.
 You were unencumbered.
 You were wielding a whip.
 You had basic skill with whip.

Final Attributes:
 You were devoutly aligned.
 You were poison resistant.
 You had automatic searching.
 You were stealthy.
 You were lucky.
 You are dead.

Miscellaneous:
 You didn't encounter any bones levels.
 Total elapsed playing time was 15 minutes and 6 seconds.

Major events:
 Turn
    1: Eldrich the lawful male human Archeologist entered the dungeon
  577: entered the Gnomish Mines
 1366: killed by a homunculus, while sleeping

You didn't know any spells.

Skills:
 Fighting Skills
   bare handed combat [Unskilled]
   two weapon combat  [Unskilled]
   riding             [Unskilled]
 Weapon Skills
   dagger             [Unskilled]
   knife              [Unskilled]
   pick-axe           [Basic]
   short sword        [Unskilled]
   saber              [Unskilled]
   club               [Unskilled]
   quarterstaff       [Unskilled]
   sling              [Unskilled]
   dart               [Unskilled]
   boomerang          [Unskilled]
   whip               [Basic]
   unicorn horn       [Unskilled]
 Spellcasting Skills
   attack spells      [Unskilled]
   healing spells     [Unskilled]
   divination spells  [Unskilled]
   matter spells      [Unskilled]

Voluntary challenges:
 Character rerolling was not enabled.
 You were vegetarian.
 You were an atheist.
 You never genocided any monsters.
 You never polymorphed an object.
 You never changed form.
 You used no wishes.
Achievements:
 You entered the Gnomish Mines.
 You entered a shop.

 The Dungeons of Doom: levels 1 to 5
    Level 1:
       Some fountains.
    Level 2:
       A ring shop, a fountain.
       Stairs down to The Gnomish Mines.
    Level 3:
       A general store.
    Level 4: <- You were here.
       Final resting place for
          you, killed by a homunculus, while sleeping.
    Level 5:
       A fountain.
 The Gnomish Mines:
    Level 3:


Vanquished creatures:
 an iguana
 an acid blob
  a hobgoblin
  a giant rat
  2 gnome zombies
  2 kobolds
  a goblin
  2 sewer rats
  6 grid bugs
  a lichen
  a kobold zombie
  3 newts
22 creatures vanquished.

No species were genocided or became extinct.

Game over:
                       ----------
                      /          \
                     /    REST    \
                    /      IN      \
                   /     PEACE      \
                  /                  \
                  |     Eldrich      |
                  |      850 Au      |
                  |   killed by a    |
                  |    homunculus    |
                  |                  |
                  |                  |
                  |       2026       |
                 *|     *  *  *      | *
        _________)/\\_//(\/(/\)/\//\/|_)_______

Goodbye Eldrich the Archeologist...

You died in The Dungeons of Doom on dungeon level 4 with 1113 points,
and 850 pieces of gold, after 1366 moves.
You were level 2 with a maximum of 19 hit points when you died.

